 Dungeon Crawl Stone Soup version 0.28.0 (webtiles) character file.

Game seed: 1581607247325159636

70 themarg the Nimble (level 4, 0/34 HPs)
             Began as a Gnoll Wanderer on Feb 19, 2022.
             Was a Believer of Elyvilon.
             Slain by an orc wizard (2 damage)
             ... on level 3 of the Dungeon.
             The game lasted 00:08:41 (2048 turns).

themarg the Nimble (Gnoll Wanderer)                 Turns: 2048, Time: 00:08:41

Health: 0/34       AC:  5    Str: 21    XL:     4   Next: 22%
Magic:  6/6        EV: 16    Int:  8    God:    Elyvilon [**....]
Gold:   66         SH:  0    Dex: 13    Spells: 5/5 levels left

rFire   . . .      SeeInvis .   r - +0 short sword
rCold   . . .      Faith    .   (no shield)
rNeg    . . .      Spirit   .   b - +2 leather armour
rPois   .          Reflect  .   (no helmet)
rElec   .          Harm     .   (no cloak)
rCorr   .          Rampage  .   (no gloves)
Will    .....                   (no boots)
Stlth   +.........              (no amulet)
HPRegen 0.11/turn               f - +6 ring of strength
MPRegen 0.10/turn               (no ring)

@: no status effects
A: fangs 1, strong nose, distributed training
a: Renounce Religion, Purification, Heal Other


You were on level 3 of the Dungeon.
You worshipped Elyvilon.
Elyvilon was pleased with you.
You visited 1 branch of the dungeon, and saw 3 of its levels.

You collected 66 gold pieces.

Inventory:

Hand Weapons
 a - a +0 shortbow
 h - a +0 dagger
 r - a +0 short sword (weapon)
Missiles
 c - 25 arrows
 s - a poisoned dart (quivered)
Armour
 b - a +2 leather armour (worn)
Jewellery
 f - a +6 ring of strength (left hand)
Scrolls
 d - a scroll of fog
 e - 4 scrolls of identify {unknown}
 i - a scroll of teleportation {unknown}
 j - a scroll of magic mapping {unknown}
 k - a scroll of holy word {unknown}
 l - a scroll of blinking {unknown}
 m - a scroll of noise {unknown}
 n - a scroll of enchant armour {unknown}
 o - a scroll of torment {unknown}
 p - 2 scrolls of immolation {unknown}
Potions
 g - a potion of lignification {unknown}
 q - a potion of mutation {unknown}


   Skills:
 + Level 2.7 Fighting
 + Level 1.0 Short Blades
 + Level 1.0 Long Blades
 + Level 1.0 Axes
 + Level 1.0 Maces & Flails
 + Level 1.0 Polearms
 + Level 1.0 Staves
 + Level 1.0 Slings
 + Level 2.7 Bows
 + Level 1.0 Crossbows
 + Level 2.7 Throwing
 + Level 2.7 Armour
 + Level 10.4 Dodging
 + Level 1.0 Stealth
 + Level 1.0 Shields
 + Level 1.0 Unarmed Combat
 + Level 1.0 Spellcasting
 + Level 0.8 Conjurations
 + Level 0.8 Hexes
 + Level 0.8 Summonings
 + Level 0.8 Necromancy
 + Level 0.8 Translocations
 + Level 0.8 Transmutations
 + Level 0.8 Fire Magic
 + Level 0.8 Ice Magic
 + Level 0.8 Air Magic
 + Level 0.8 Earth Magic
 + Level 0.8 Poison Magic
 + Level 2.8 Invocations
 + Level 1.0 Evocations


You had 5 spell levels left.
You didn't know any spells.
Your spell library was empty.

Dungeon Overview and Level Annotations

Branches:
Dungeon (3/15)

Altars:
Elyvilon

Shops:
D:3 [


Innate Abilities, Weirdness & Mutations

You have very sharp teeth.
Your uncanny sense of smell can sniff out nearby items.
Your experience applies equally to all skills.


Message History

You hit the orc wizard but do no damage.
The orc wizard is moderately wounded.
The orc wizard hits you with a +0 whip.
You closely miss the orc wizard.
The orc wizard is moderately wounded.
The orc wizard hits you with a +0 whip.
You hit the orc wizard.
The orc wizard is heavily wounded.
The orc wizard gestures at you while chanting.
The puff of flame hits you! The orc wizard barely misses you.
The orc wizard misses you.
You barely miss the orc wizard.
The orc wizard is heavily wounded.
The orc wizard gestures wildly while chanting.
The orc wizard flickers and vanishes!
Deactivating autopickup; reactivate with Ctrl-A.
You feel less confused.
You hear some strange, mumbled words.
A magic dart appears from out of thin air!
The magic dart hits you.
You closely miss something. Your punch misses something. Something hits you.
* * * LOW HITPOINT WARNING * * *
You miss something. Something hits you.
* * * LOW HITPOINT WARNING * * *
You hit something.
You hear some strange, mumbled words.
A magic dart appears from out of thin air!
The magic dart hits you.
* * * LOW HITPOINT WARNING * * *
You closely miss something. Your bite misses something.
You hear some strange, mumbled words.
You are confused.
You miss something. Something barely misses you.
You hear some strange, mumbled words.
Something tries to affect you, but you resist.
You bump into the rock wall.
You bump into the rock wall.
You feel less confused. Something hits you.
You die...

∆ #(# #)# #(# #.# #(#
#.# #.# #.# ###.## ##.##
<.###....###########...#
.........(..............
.........#########.#...#
..###.#@.# #.##.##
#.##.# #.#### # #.# #.#
..# #.# ..# #.# #(# #.#
#.# #.# .# #.#


There were no monsters in sight!

Vanquished Creatures
  Jessica (D:2)
  2 dart slugs (D:2)
  An orc (D:3)
  6 endoplasms
  A giant cockroach (D:2)
  3 hobgoblins (D:1)
  A quokka (D:2)
  3 ball pythons
  4 bats
  3 frilled lizards
  4 goblins
  4 kobolds
  6 rats (D:1)
39 creatures vanquished.

Notes
Turn   | Place    | Note
-------+----------+-------------------------------------------
     0 | D:1      | Reached skill level 10 in Dodging
     0 | D:1      | themarg the Gnoll Wanderer began the quest for the Orb.
     0 | D:1      | themarg set off with the following items: a +0 shortbow, a
                  | +2 leather armour, 19 arrows, a scroll of fog
     0 | D:1      | Reached XP level 1. HP: 17/17 MP: 2/2
   369 | D:1      | Reached XP level 2. HP: 23/23 MP: 3/3
   981 | D:1      | Found a faded altar of an unknown god.
   989 | D:1      | Prayed at the altar of an unknown god.
   989 | D:1      | Became a worshipper of Elyvilon the Healer
   989 | D:1      | Reached * piety under Elyvilon
  1157 | D:2      | Reached XP level 3. HP: 28/28 MP: 4/4
  1577 | D:2      | Reached ** piety under Elyvilon
  1577 | D:2      | Noticed Jessica
  1581 | D:2      | Killed Jessica
  1582 | D:2      | Reached skill level 1 in Short Blades
  1582 | D:2      | Reached skill level 1 in Long Blades
  1582 | D:2      | Reached skill level 1 in Axes
  1582 | D:2      | Reached skill level 1 in Maces & Flails
  1582 | D:2      | Reached skill level 1 in Polearms
  1582 | D:2      | Reached skill level 1 in Staves
  1582 | D:2      | Reached skill level 1 in Slings
  1582 | D:2      | Reached skill level 1 in Crossbows
  1582 | D:2      | Reached skill level 1 in Stealth
  1582 | D:2      | Reached skill level 1 in Shields
  1582 | D:2      | Reached skill level 1 in Unarmed Combat
  1582 | D:2      | Reached skill level 1 in Spellcasting
  1582 | D:2      | Reached skill level 1 in Evocations
  1582 | D:2      | Reached XP level 4. HP: 34/34 MP: 6/6
  1868 | D:3      | Found Cadex's Antique Armour Boutique.
  2048 | D:3      | Slain by an orc wizard

Illustrated notes

Levels and vault maps discovered:
D:1:      mrwooster_arrival_statue_3, layout_basic,
          hellmonk_ecumenical_altar_zigzags
D:2:      layout_rooms, grunt_ministairs_11, minmay_diced_spiral, uniq_jessica
D:3:      layout_loops_corners, mainiacjoe_overflow_24_doors, tgw_sif,
          nicolae_qazlal_style_of_elements, serial_shops, shop

Skill      XL: |  1  2  3 |
---------------+----------+-----
Dodging        | | 10.4
Short Blades   | 1 |  1.0
Long Blades    | 1 |  1.0
Axes           | 1 |  1.0
Maces & Flails | 1 |  1.0
Polearms       | 1 |  1.0
Staves         | 1 |  1.0
Slings         | 1 |  1.0
Crossbows      | 1 |  1.0
Stealth        | 1 |  1.0
Shields        | 1 |  1.0
Unarmed Combat | 1 |  1.0
Spellcasting   | 1 |  1.0
Evocations     | 1 |  1.0
Fighting       | |  2.7
Bows           | |  2.7
Throwing       | |  2.7
Armour         | |  2.7
Conjurations   | |  0.8
Hexes          | |  0.8
Summonings     | |  0.8
Necromancy     | |  0.8
Translocations | |  0.8
Transmutations | |  0.8
Fire Magic     | |  0.8
Ice Magic      | |  0.8
Air Magic      | |  0.8
Earth Magic    | |  0.8
Poison Magic   | |  0.8
Invocations    | |  2.8

Action                   |  1- 3 |  4- 6 || total
-------------------------+-------+-------++-------
Melee: Short sword       |     2 |     9 ||    11
 Fire: Shortbow          |    81 |    20 ||   101
Throw: Dart              |       |     2 ||     2
Armor: Leather armour    |     6 |       ||     6
Dodge: Dodged            |    28 |     3 ||    31
